 Dungeon Crawl Stone Soup version 0.28.0-53-g5a82cb258f (webtiles) character file.

Game seed: 329088806619266813

3 shadowstone the Stinger (level 1, 0/10 HPs)
             Began as a Tengu Venom Mage on June 5, 2022.
             Slain by an endoplasm (2 damage)
             ... on level 1 of the Dungeon.
             The game lasted 00:00:40 (347 turns).

shadowstone the Stinger (Tengu Venom Mage)           Turns: 347, Time: 00:00:41

Health: 0/10       AC:  2    Str:  8    XL:     1   Next: 50%
Magic:  4/4        EV: 12    Int: 15    God:
Gold:   0          SH:  0    Dex: 14    Spells: 3/4 levels left

rFire   . . .      SeeInvis .   d - +0 club
rCold   . . .      Faith    .   (no shield)
rNeg    . . .      Spirit   .   a - +0 robe
rPois   .          Reflect  .   (helmet restricted)
rElec   .          Harm     .   (no cloak)
rCorr   .          Rampage  .   (no gloves)
Will    .....                   (boots unavailable)
Stlth   ++........              (no amulet)
HPRegen 0.03/turn               (no ring)
MPRegen 0.09/turn               (no ring)

@: no status effects
A: beak, talons 3
a: no special abilities


You were on level 1 of the Dungeon.
You visited 1 branch of the dungeon, and saw 1 of its levels.

Inventory:

Hand Weapons
 d - a +0 club (weapon)
Armour
 a - a +0 robe (worn)
Potions
 b - a potion of heal wounds {unknown}
 c - a potion of degeneration {unknown}
 e - a potion of mutation {unknown}


   Skills:
 + Level 2.1 Dodging
 + Level 2.1 Stealth
 + Level 2.0 Spellcasting
 + Level 0.7 Transmutations
 + Level 3.1 Poison Magic


You had 3 spell levels left.
You knew the following spells:

 Your Spells              Type           Power      Damage    Failure   Level
a - Sting                 Tmut/Pois      28%        1d4       10%         1

Your spell library contained the following spells:

 Spells                   Type           Power      Damage    Failure   Level
 Poisonous Vapours        Pois/Air       12%        N/A       19%         2
 Mephitic Cloud           Conj/Pois/Air  4%         N/A       41%         3
 Olgreb's Toxic Radiance  Pois           10%        N/A       52%         4


Dungeon Overview and Level Annotations

Branches:
Dungeon (1/15)

Altars:


Innate Abilities, Weirdness & Mutations

You have a beak for a mouth.
You have claws for feet.


Message History

d - a +0 club (weapon)
There is a stone staircase leading down here.
A kobold comes into view. It is wielding a +0 dagger.
Found a green potion.
A goblin comes into view. It is wielding a +0 club.
The goblin shouts!
You hear a shout!
e - a green potion The kobold shouts!
The kobold throws a stone.
The stone misses you.
An endoplasm comes into view.
You hit the goblin.
The goblin is moderately wounded.
The kobold throws a stone.
The stone closely misses you. The goblin hits you with a +0 club.
You hit the goblin but do no damage. Your kick misses the goblin.
You peck the goblin.
You kill the goblin!
The kobold throws a stone.
The stone misses you.
Things that are here:
a +0 club; a goblin corpse The kobold hits you but does no damage.
The kobold closely misses you.
The kobold throws a stone.
The stone hits you.
Things that are here:
a +0 club; a goblin corpse The kobold throws a stone.
The stone barely misses you.
The endoplasm quivers.
You hit the kobold.
The kobold is moderately wounded.
The kobold hits you with a +0 dagger.
* * * LOW HITPOINT WARNING * * *
You completely miss the kobold.
The kobold is moderately wounded.
The kobold hits you but does no damage.
You barely miss the kobold. Your kick misses the kobold.
The kobold is moderately wounded.
The kobold hits you with a +0 dagger.
* * * LOW HITPOINT WARNING * * *
The endoplasm hits you.
You die...

#........#
#.##...<........
####...#.#
##..8..........
##.##.#
#.....######### #.# #
##.....## #.#
##.....## #.##
##.....##
######..#######.....#
#............#.J...#
#.#####.####...K@.#
#.# #.###.## #.#
#.#..... #.#
#.#.##### ... #...
..K ... ### .#.# #.#


You could see an endoplasm and a kobold.

Vanquished Creatures
  An endoplasm (D:1)
  2 goblins (D:1)
3 creatures vanquished.

Notes
Turn   | Place    | Note
-------+----------+-------------------------------------------
     0 | D:1      | shadowstone the Tengu Venom Mage began the quest for the
                  | Orb.
     0 | D:1      | Reached XP level 1. HP: 10/10 MP: 4/4
   347 | D:1      | Slain by an endoplasm

Illustrated notes

Levels and vault maps discovered:
D:1:      psy_arrival_spokes, layout_loops_ring, basic_ecumenical_altar

Action                   || total
-------------------------++-------
Melee: Unarmed           ||     9
       Club              ||     5
       Peck              ||     3
       Kick              ||     2
Armor: Robe              ||     3
Dodge: Dodged            ||     9
